 Dungeon Crawl Stone Soup version 0.29-a0-42-g9fc6a9d (webtiles) character file.

Game seed: 5923310033304136810

350 Illumine the Magician (level 6, -7/46 HPs)
             Began as a Djinni Fire Elementalist on Feb 2, 2022.
             Mangled by Pikel (12 damage)
             ... on level 3 of the Dungeon.
             The game lasted 00:06:24 (4910 turns).

Illumine the Magician (Djinni Fire Elementalist)    Turns: 4910, Time: 00:06:25

Health: -7/46      AC:  2    Str:  7    XL:     6   Next: 92%
Gold:   156        EV: 12    Int: 18    God:
                   SH:  0    Dex: 14

rFire   + + .      SeeInvis .   r - +0 dagger (elec)
rCold   x . .      Faith    .   (no shield)
rNeg    . . .      Spirit   .   a - +0 robe
rPois   ∞          Reflect  .   (no helmet)
rElec   .          Harm     .   (no cloak)
rCorr   .          Rampage  .   (no gloves)
Will    .....                   (boots unavailable)
Stlth   ++........              (no amulet)
HPRegen 0.15/turn               (no ring)
MPRegen 0.00/turn               (no ring)

@: about to teleport, flying
A: sickness immunity, fire resistance 2, cold vulnerability 1, float, innate
caster, HP casting, extra vitality 1
a: no special abilities


You were on level 3 of the Dungeon.
You visited 1 branch of the dungeon, and saw 4 of its levels.

You collected 156 gold pieces.

Inventory:

Hand Weapons
 o - a +3 hunting sling
 r - a +0 dagger of electrocution (weapon)
Armour
 a - a +0 robe (worn)
Jewellery
 f - a ring of resist corrosion
 j - a ring of protection from fire
Scrolls
 b - 2 scrolls of teleportation
 e - 2 scrolls of identify {unknown}
 h - 4 scrolls of blinking {unknown}
 i - a scroll of summoning {unknown}
 m - a scroll of enchant armour {unknown}
 n - a scroll of immolation {unknown}
 q - a scroll of enchant weapon {unknown}
Potions
 c - a potion of lignification {unknown}
 d - a potion of cancellation {unknown}
 g - 3 potions of resistance {unknown}
 k - 2 potions of might {unknown}
 l - 4 potions of curing {unknown}
 p - a potion of mutation {unknown}


   Skills:
 + Level 3.4 Fighting
 - Level 2.1 Dodging
 - Level 1.5 Stealth
 * Level 4.7 Spellcasting


You couldn't memorise any spells.
You knew the following spells:

 Your Spells              Type           Power      Damage    Failure   Level
a - Foxfire               Conj/Fire      84%        2x1d8     1%          1
b - Scorch                Fire           42%        2d7       3%          2
c - Conjure Flame         Conj/Fire      21%        6-21      6%          3
d - Inner Flame           Hex/Fire       21%        N/A       6%          3
e - Flame Wave            Conj/Fire      21%        2d7       19%         4
f - Beastly Appendage     Tmut           42%        N/A       1%          1
g - Searing Ray           Conj           42%        2d6       3%          2
Your spell library was empty.

Dungeon Overview and Level Annotations

Branches:
Dungeon (4/15)
 Temple: D:4-7

Altars:
Fedhas
Hepliaklqana
The Shining One

Annotations:
D:3 Pikel


Innate Abilities, Weirdness & Mutations

You are immune to sickness and miasma.
You are immune to poison.
Your flesh is very heat resistant. (rF++)
You are vulnerable to cold. (rC-)
You float through the air rather than walking.
You learn spells naturally, not from books.
Your magical power is your life essence.
You have superior vitality. (+4 MHP)


Message History

Casting: Scorch (safe; 3% risk of failure)
Confirm with . or Enter, or press ? or * to list all spells.
You conjure some foxfire!
Pikel hits you with a +1 whip of electrocution.
The lemure is no longer more vulnerable to fire.
The foxfire hits Pikel but does no damage.
Pikel is lightly wounded.
The foxfire hits Pikel.
Pikel is moderately wounded.
Casting: Foxfire (safe; 1% risk of failure)
Confirm with . or Enter, or press ? or * to list all spells.
You conjure some foxfire!
Pikel hits you with a +1 whip of electrocution!
Your foxfire dissipates!
The foxfire hits Pikel but does no damage.
Pikel is lightly wounded.
Found a glowing golden altar of the Shining One.
There is a glowing golden altar of the Shining One here.
A lemure comes into view.
Pikel says, "You'll rot in Tartarus!"
There is a stone staircase leading up here.
Pikel hits you with a +1 whip of electrocution!
You fly upwards.
There is a stone staircase leading down here.
Casting: Foxfire (safe; 1% risk of failure)
Confirm with . or Enter, or press ? or * to list all spells.
Flames lash Pikel.
Pikel is moderately wounded.
Pikel's fire resistance burns away.
Pikel says, "You'll feel the lick of my whip!"
Pikel hits you with a +1 whip of electrocution.
You are electrocuted!
* * * LOW HITPOINT WARNING * * *
Okay, then.
As you read the scroll labelled TIUQOCVAOXT, it crumbles to dust.
You feel strangely unstable.
It was a scroll of teleportation.
Pikel hits you with a +1 whip of electrocution.
* * * LOW HITPOINT WARNING * * *
You are electrocuted!
You die...

######................#...
#.......................
#<##................#...
#...........########....
#...........###### #.##.
#......(.........# #.###
##.:........####.###....
#..........####.##.....
#.....@K.....##.##.....
######.......##.##...#.
#.......##......#>
############....#. #....#.
#....## #...... ##...##
#...#


You could see Pikel (combustible).

Vanquished Creatures
  An ogre (D:4)
  A lemure (D:4)
  A bullfrog skeleton (D:4)
  An iguana (D:4)
  An orc wizard (D:3)
  4 adders
  5 gnolls
  3 worms
  6 dart slugs
  4 orcs
  4 bats
  4 endoplasms
  3 giant cockroaches
  8 goblins
  9 hobgoblins
  7 jackals
  3 quokkas
  5 ball pythons
  3 frilled lizards (D:1)
  4 kobolds
  6 rats
83 creatures vanquished.

Vanquished Creatures (collateral kills)
  3 foxfires (D:3)
3 creatures vanquished.

Vanquished Creatures (others)
  231 foxfires
  16 plants (D:3)
247 creatures vanquished.

Grand Total: 333 creatures vanquished

Notes
Turn   | Place    | Note
-------+----------+-------------------------------------------
     0 | D:1      | Illumine the Djinni Fire Elementalist began the quest for
                  | the Orb.
     0 | D:1      | Reached XP level 1. HP: 15/15 MP: 0/0
   195 | D:1      | Found a faded altar of an unknown god.
   217 | D:1      | Reached XP level 2. HP: 20/22 MP: 0/0
   516 | D:1      | Reached skill level 1 in Fighting
   754 | D:1      | Reached XP level 3. HP: 23/27 MP: 0/0
   754 | D:1      | Learned a level 1 spell: Beastly Appendage
   759 | D:1      | Reached skill level 3 in Spellcasting
  1783 | D:2      | Reached XP level 4. HP: 22/32 MP: 0/0
  2640 | D:3      | Reached XP level 5. HP: 19/38 MP: 0/0
  2640 | D:3      | Learned a level 2 spell: Searing Ray
  3881 | D:3      | Reached skill level 4 in Spellcasting
  4005 | D:3      | Reached XP level 6. HP: 30/45 MP: 0/0
  4600 | D:4      | Found a hazy altar of Hepliaklqana.
  4610 | D:4      | Found a blossoming altar of Fedhas.
  4659 | D:4      | Noticed an ogre
  4671 | D:4      | Killed an ogre
  4860 | D:4      | Noticed Pikel
  4885 | D:4      | Found a glowing golden altar of the Shining One.
  4910 | D:3      | Mangled by Pikel

Illustrated notes

Levels and vault maps discovered:
D:1:      shiori_arrival_elements, layout_basic,
          shapermc_ecumenical_altar_totnotflames
D:2:      layout_loops_ring
D:3:      layout_basic, serial_bayou, serial_bayou_pond_d, serial_bayou_shore_b,
          serial_bayou_pond_c, serial_bayou_lake_a
D:4:      layout_rooms, mainiacjoe_overflow_brackets, pf_just_have_faith,
          mainiacjoe_overflow_catwalk_spiral, uniq_pikel

Skill      XL: |  1  2  3  4  5  6 |
---------------+-------------------+-----
Fighting       | 1 2 3 |  3.4
Spellcasting   | 3 4 |  4.7
Dodging        | |  2.1
Stealth        | |  1.5

Action                   |  1- 3 |  4- 6 || total
-------------------------+-------+-------++-------
Melee: Spear             |     1 |     7 ||     8
       Punch             |       |     1 ||     1
 Cast: Foxfire           |    51 |    93 ||   144
       Scorch            |     7 |    18 ||    25
       Flame Wave        |       |     1 ||     1
  Use: Scroll            |       |     1 ||     1
 Stab: Sleeping          |       |     1 ||     1
Armor: Robe              |     4 |     6 ||    10
Dodge: Dodged            |    14 |    28 ||    42

Table legend: (Time is in decaauts)
 A = Elapsed time spent in this place.
 B = Non-inter-level travel time spent in this place.
 C = Inter-level travel time spent in this place.
 D = Time resting spent in this place.
 E = Time spent auto-exploring this place.
 F = Levels seen in this place.
 G = Mean time per level.
                   A        B        C        D        E       F      G
               +--------+--------+--------+--------+--------+-----+--------+
         Total |   4910 |   4816 |     94 |    882 |   3240 |   4 | 1227.5 |
       Dungeon |   4910 |   4816 |     94 |    882 |   3240 |   4 | 1227.5 |
               +--------+--------+--------+--------+--------+-----+--------+

Top non-repeatable levels by time:
     D:3: 1515 daAuts
     D:1: 1468 daAuts
     D:2: 1134 daAuts
     D:4: 791 daAuts
